Map: Caída cerúlea EE

Players

Marte

  • Race: Protoss Protoss
  • League: Diamond
  • Spawn Location: 1:00

RANURA de truco (Recursos) - Winner!

  • Race: Terran Terran
  • Spawn Location: 7:00

VOD

Have the link to the VOD?

Description

Time

  • Played on: Sept. 7, 2018, 10:42 p.m.
  • Length: 5:51
Show
View Real Time Build Order
Export as new Build Order

Marte Protoss 

Build Orders: 1 Gate Expand, Dark Templar Rush 

Get SALT Encoding   

  12  0:03  Probe  
  13  0:15  Probe  
  14  0:23  Pylon  
  14  0:27  Probe  
  15  0:41  Probe  
  16  0:44  Gateway  
  16  0:49  Probe, Assimilator  
  17  0:57  Probe  
  18  1:07  Probe  
  19  1:19  Probe  
  20  1:31  Probe  
  20  1:32  Nexus  
  21  1:45  Cybernetics Core  
  21  1:54  Pylon  
  21  1:58  Assimilator  
  22  2:01  Probe  
  22  2:09  Probe  
  22  2:14  Adept  
  23  2:16  Pylon  
  23  2:17  Probe  
  26  2:24  Warp Gate  
  26  2:27  Probe  
  27  2:40  Probe, Twilight Council  
  28  2:51  Gateway  
  28  2:52  Probe  
  28  2:54  Probe  
  30  2:58  Charge  
  30  3:04  Probe  
  30  3:05  Gateway  
  31  3:23  Dark Shrine  
  31  3:26  Probe, Pylon  
  33  3:27  Probe  
  33  3:32  Assimilator  
  33  3:37  Probe  
  33  3:39  Probe  
  35  3:45  Probe  
  35  3:51  Probe  
  35  3:54  Shield Battery  
  35  3:55  Probe  
  37  3:58  Pylon  
  38  4:03  Probe  
  38  4:07  Probe, Assimilator  
  40  4:15  Probe  
  41  4:18  Gateway  
  41  4:22  Gateway  
  41  4:29  Zealot  
  41  4:30  Zealot x2  
  47  4:38  Probe x2  
  49  4:50  Probe x2  
  51  4:54  Dark Templar x2  
  55  5:02  Probe  
  55  5:04  Nexus  
  56  5:09  Pylon  
  56  5:13  Probe  
  58  5:14  Probe  
  58  5:18  Dark Templar  
  60  5:25  Probe  
  60  5:26  Probe  
Show
View Real Time Build Order
Export as new Build Order

RANURA de truco (Recursos) Terran - Winner!

Build Orders:  

Get SALT Encoding   

  12  0:00  SCV  
  13  0:13  SCV  
  14  0:19  Supply Depot  
  14  0:25  SCV  
  15  0:41  SCV  
  16  0:44  Barracks  
  16  0:53  SCV  
  17  1:05  SCV  
  18  1:17  SCV, Supply Depot  
  19  1:22  Refinery  
  19  1:29  SCV  
  19  1:31  Marine  
  21  1:41  SCV  
  22  1:49  Marine  
  22  1:50  Barracks  
  22  1:53  SCV  
  24  1:55  Refinery  
  24  2:00  Supply Depot  
  24  2:05  SCV  
  24  2:07  Marine  
  26  2:18  SCV  
  27  2:23  Factory  
  27  2:24  Marine  
  28  2:30  SCV  
  29  2:37  Marine  
  29  2:42  SCV, Marine  
  32  2:54  SCV  
  32  2:55  Marine  
  34  3:00  Marine  
  34  3:03  Barracks  
  35  3:06  SCV  
  36  3:13  Marine  
  36  3:15  Factory Tech Lab  
  36  3:18  SCV  
  36  3:19  Barracks Tech Lab  
  38  3:28  Engineering Bay  
  38  3:30  SCV  
  38  3:32  Barracks Tech Lab, Supply Depot  
  39  3:53  SCV  
  40  3:55  Starport  
  40  3:58  Missile Turret  
  40  3:59  Missile Turret  
  40  4:05  SCV  
  40  4:09  Marine  
  42  4:12  Marine  
  43  4:18  SCV  
  44  4:30  SCV  
  45  4:33  Starport Tech Lab  
  45  4:42  SCV, Supply Depot  
  46  4:54  Orbital Command  
  46  5:01  Command Center  
  46  5:03  Raven, Marine, Marauder  
  46  5:05  Supply Depot  
  51  5:21  Marauder  
  51  5:24  Engineering Bay  
  51  5:25  Marauder  
  55  5:31  Supply Depot  
  55  5:36  Barracks Reactor  
Tags
 
Add a new tag
Caveats
  • Supply blocks, unpowered buildings, or Contaminate may cause inaccurate times.
  • Supply counts are checked every 10 seconds.